[Event "CCT Chesscom Classic-D2 2024"]
[Site "Online"]
[Date "2024.05.11"]
[Round "2"]
[White "LevonAronian"]
[Black "Kollars, Dmitrij"]
[Result "1-0"]
[ECO "C54"]
[WhiteElo "2740"]
[BlackElo "2648"]
[Annotator "TA"]
[PlyCount "91"]
[EventDate "2024.05.08"]
[EventType "k.o."]
[EventCountry "NET"]
[SourceTitle "playchess.com"]
[Source "ChessBase"]
[SourceQuality "1"]
[TimeControl "600+2"]

1. e4 e5 2. Nf3 Nc6 3. Bc4 Nf6 4. d3 Bc5 5. h3 d6 6. c3 a6 7. Bb3 {[%emt 0:00:03] C54: Giuoco Piano: 4 c3 Nf6, main lines with 5 d4 and 5 d3.} O-O 8. Bg5 Ba7 9. Nbd2 Be6 10. Bc2 $5 {[%emt 0:00:08][%mdl 4] An interesting side line.} h6 11. Bh4 g5 $146 ({Predecessor:} 11... Qe7 12. Nh2 g5 13. Bg3 Rfd8 14. Qe2 b5 15. Ndf1 Bb6 16. Ne3 Qd7 17. h4 g4 18. h5 Nxh5 19. Nhxg4 Nxg3 20. Nf6+ Kg7 21. Qf3 Qc8 22. Qxg3+ Kxf6 23. Qh4+ {1-0 Ahmadinia,E (2398)-Meyer Dunker,P (1965) Berlin Lichtenberger op 16th 2017 (2)}) 12. Bg3 Nh5 13. Qe2 Qf6 14. O-O-O b5 (14... Bxa2 $6 15. b3 $14) 15. Nh2 Nf4 (15... Qg6 $15) 16. Bxf4 $11 Qxf4 (16... gxf4 $11 17. Rdg1 Ne7) 17. Rdf1 $16 Qf6 18. h4 gxh4 19. f4 exf4 20. d4 Nxd4 (20... Ne7 $1 $11 {keeps the balance.}) 21. cxd4 $16 Bxd4 22. Nhf3 (22. Ng4 $16 Qg5 (22... Bxb2+ 23. Kb1 $16) 23. Qd3 Bxb2+ (23... Qxg4 $2 24. Qxd4 a5 25. Qf2 $18) 24. Kxb2 Qxg4 25. Rf3) 22... Bxb2+ $11 23. Kd1 h3 (23... Bxa2 24. Nxh4 Be6 25. Nf5 Bxf5 26. Rxf4 $16) 24. gxh3 Be5 (24... Bxa2 $2 25. e5 Qe7 (25... dxe5 $2 26. Rhg1+ $18) (25... Bxe5 $2 26. Rhg1+ Kh8 27. Qd3 $18) 26. Qd3 $18) 25. Rhg1+ Kh8 26. Nxe5 (26. Bb3 $142) 26... dxe5 $17 27. Qh5 (27. Bb3 $17) 27... Rae8 (27... Bxa2 $19 {Strongly threatening ...a5.} 28. Kc1 Rae8) 28. Nf3 (28. Bb3 $17 {is a better defense.}) 28... Bc4 (28... Bxa2 $19 29. Rf2 Rg8 30. Rxg8+ Kxg8) 29. Rf2 $17 Rg8 ({Better is} 29... Bxa2 $17 {next ...Rg8 is good for Black.} 30. Bd3 Bb3+ 31. Kd2 Rg8) 30. Rxg8+ $11 Kxg8 31. Bb3 Bxb3+ 32. axb3 Qe6 33. Kc2 Kf8 34. Rd2 c6 $2 (34... a5 $11) 35. Nh4 $1 $18 a5 (35... c5 {keeps fighting.} 36. Nf5 Qg6) 36. Nf5 $18 a4 $2 (36... Qg6 37. Qf3 (37. Qxh6+ Qxh6 38. Nxh6 Kg7 $14) 37... Qf6) 37. Rd6 $1 $18 (37. Qxh6+ Qxh6 38. Nxh6 a3 $11) 37... Qxb3+ 38. Kd2 Qb4+ 39. Ke2 (39. Kd1 $142 Qb1+ (39... Qxe4 40. Qxh6+ Kg8 41. Qg7#) 40. Ke2 f3+ (40... Qxe4+ $2 41. Kf2 $18) 41. Qxf3) 39... Qxe4+ $2 (39... f3+ $18 40. Qxf3 (40. Kxf3 Qc3+ 41. Kg4 Qc1 $11) 40... Qc4+ 41. Kd1 Qb3+ 42. Qxb3 axb3 43. Rxc6 (43. Rxh6 Kg8 $18) 43... Rd8+ 44. Kc1 h5) 40. Kf2 Qc2+ 41. Kg1 Qc1+ {[%emt 0:00:01] [#]} 42. Kh2 $2 (42. Rd1 $1 {mates} Re6 43. Rxc1 Rg6+ 44. Kh1 Rf6 45. Rd1 (45. Nxh6 f3) 45... Kg8 46. Nxh6+ Kf8 47. Qxe5 (47. Rd8+ Ke7 48. Rd2 Rd6 49. Qxe5+ Kd8 50. Qxd6+ Kc8 51. Qe7 f3 52. Rd8#) 47... Rd6 48. Rxd6 (48. Qxd6+ Kg7 49. Nf5+ Kg8 50. Rg1+ Kh8 51. Qh6#) 48... f6 49. Qxf6+ Ke8 50. Qf7#) 42... Qc2+ $2 (42... f3 $11 43. Rxh6 Qd2+ 44. Kg3 Qe1+ 45. Kg4 Qe4+ 46. Kg3 Qf4+ 47. Kf2 Qd2+ 48. Kxf3 Qd1+ 49. Kf2 Qxh5 50. Rxh5 Kg8 51. Rg5+ Kf8) 43. Kg1 Qc1+ {[%emt 0:00:01] [#]} 44. Rd1 $1 Qc5+ 45. Kh1 f6 46. Qg6 1-0

[Event "CCT Chesscom Classic-D2 2024"]
[Site "Online"]
[Date "2024.05.11"]
[Round "2"]
[White "Vachier-Lagrave, Maxime"]
[Black "Martinez Alcantara, Jose Eduardo"]
[Result "1-0"]
[ECO "C88"]
[WhiteElo "2732"]
[BlackElo "2612"]
[Annotator "TA"]
[PlyCount "163"]
[EventDate "2024.05.08"]
[EventType "k.o."]
[EventCountry "NET"]
[SourceTitle "playchess.com"]
[Source "ChessBase"]
[SourceQuality "1"]
[TimeControl "600+2"]

1. e4 e5 2. Nf3 Nc6 3. Bb5 a6 4. Ba4 Nf6 5. O-O Be7 6. Re1 b5 7. Bb3 O-O 8. a4 b4 9. d4 d6 10. dxe5 Nxe5 11. Bf4 Bb7 12. Nbd2 Ng6 13. Bg3 {[%emt 0:00:07] The position is equal.} Nd7 14. Nc4 Nc5 15. e5 Nxb3 16. cxb3 dxe5 17. Nfxe5 Nxe5 18. Bxe5 Bf6 19. Qg4 Bd5 20. Rad1 (20. Qd4 {simplifies} Be6 21. Bxf6 Qxf6 22. Qxf6 gxf6 23. Red1) 20... c6 21. Bd6 Re8 {[%emt 0:00:05] ...Rxe1+ would now be deadly.} 22. Bxb4 {[%emt 0:00:02] White is more active.} Rxe1+ 23. Rxe1 h5 24. Qxh5 Qb8 25. Bc5 (25. Ba5 $1 $16 {aiming for Nb6.} Bxc4 (25... Qxb3 $2 26. Nb6 $18) 26. bxc4) 25... Qxb3 $11 26. Nb6 Rd8 27. Qe2 Qxb2 28. Qxb2 Bxb2 {[%emt 0:00:00] This pair of bishops is nice.} 29. Rd1 Bf6 30. Nxd5 cxd5 {[%emt 0:00:01][%mdl 4096] Endgame. KRB-KRB} 31. Kf1 Be5 32. Bb6 Rd7 33. h3 f6 34. a5 Kf7 35. Ke2 Ke6 36. Rc1 d4 (36... Rb7 $14) 37. Kd3 $16 Rd5 38. g3 (38. Rc6+ $1 $16 Ke7 39. g3) 38... g5 (38... Rb5 $14) 39. Rc6+ $18 Kd7 40. Rc5 Ke6 41. Rxd5 $1 Kxd5 $16 {[%emt 0:00:00] KB-KB} 42. g4 Ke6 43. Ke4 d3 44. Kxd3 f5 $2 (44... Kd5 $16) 45. Kc4 $18 Bd6 46. Be3 $2 (46. Bd8 fxg4 47. hxg4) 46... fxg4 $2 (46... Be7 47. Bd4 Bd8) 47. hxg4 (47. Bxg5 $2 {too greedy.} gxh3 48. Kd3 h2 $19) 47... Be7 48. Bd4 Bd8 {[%emt 0:00:01] [#]} 49. Bc3 $2 (49. Bb6 $1 $18 Be7 50. Be3) 49... Be7 (49... Kd6 $16 50. f3 Kc6) 50. f3 Bd6 51. Bb4 Bc7 52. Bd2 Bd8 53. Kc5 Ke5 54. Kc4 $2 (54. Bc1 $18 Bxa5 55. Bxg5) 54... Kd6 (54... Ke6 $1 $11 {remains equal.}) 55. Kd4 Bf6+ 56. Ke4 Ke6 57. Bb4 Bg7 $2 {[%emt 0:00:05][%mdl 8192] [#]} (57... Bd8 $16 {is tougher.} 58. Bc3 Be7) 58. Bc5 $1 Bf6 59. Bd4 $2 (59. Bb6 $18 {and the rest is easy.}) 59... Bd8 $16 60. Bc3 Be7 61. Kd4 Bd6 62. Kc4 {[%emt 0:00:01] Hoping for Bb4.} Be7 63. Bd2 (63. Be1 $16) 63... Ke5 (63... Bd8 $1 $11) 64. Be3 Ke6 65. Bb6 {[%emt 0:00:07] Black must now prevent Be3.} Ke5 66. Bc7+ Ke6 67. Kd4 Kd7 68. Bb6 Ke6 69. Bc5 {[%emt 0:00:01] Bxe7 is the strong threat.} Bf6+ 70. Kc4 Be5 $2 (70... Bd8 $16) 71. Be3 $18 Bf6 72. Kc5 Bd8 73. Kc6 Bxa5 74. Bxg5 Bc3 75. Kc5 (75. f4 $142 Bb2 76. f5+ Kf7 77. Kb6) 75... a5 76. Kc4 $2 (76. Bf4 {And now Kb5 would win.} Be1 77. Kc4) 76... Be5 $2 (76... Be1 77. Bf4 Bh4) 77. Bd2 $2 (77. Kb5 Bc3 78. Bd8) 77... Bc7 $2 (77... a4 78. Kb4 Kd5 79. Kxa4 Bd6) 78. f4 $2 (78. Kb5 Kd5 79. Bxa5) 78... Bd8 $2 (78... a4 79. Kb4 Kd5 80. Kxa4 Ke4) 79. Bc3 a4 80. f5+ Kd6 81. Kd4 a3 82. Bb4+ {[%emt 0:00:01] Weighted Error Value: White=0.50/Black=0.33.  Loses game:     	---       	Black=3      Missed win:     	White=2     	---        Mistake:       	White=3     	Black=5      Inaccurate:     	White=2     	Black=2      OK:         	White=22    	Black=19     Best:        	White=3     	Black=9      Strong:       	White=1     	---} 1-0

[Event "CCT Chesscom Classic-D2 2024"]
[Site "Online"]
[Date "2024.05.11"]
[Round "2"]
[White "Dubov, Daniil"]
[Black "Hakobyan, Aram"]
[Result "1/2-1/2"]
[ECO "C83"]
[WhiteElo "2707"]
[BlackElo "2617"]
[Annotator "TA"]
[PlyCount "75"]
[EventDate "2024.05.08"]
[EventType "k.o."]
[EventCountry "NET"]
[SourceTitle "playchess.com"]
[Source "ChessBase"]
[SourceQuality "1"]
[TimeControl "600+2"]

1. e4 e5 2. Nf3 Nc6 3. Bb5 a6 4. Ba4 Nf6 5. O-O Nxe4 6. d4 b5 7. Bb3 d5 8. dxe5 Be6 9. Be3 Be7 10. Nbd2 O-O 11. c3 Bg4 12. Nxe4 dxe4 13. Qd5 exf3 14. Qxc6 fxg2 15. Rfe1 {[%emt 0:01:03] White has an edge.} (15. Qxg2 $5 Qc8 16. Bh6 $14) 15... Qd7 16. Qxd7 Bxd7 17. Rad1 (17. Kxg2 {simplifies} Rab8 18. Rad1 Rbd8 19. Bd5) 17... Bc6 18. Bd5 Bxd5 19. Rxd5 Rfd8 {[%emt 0:00:08] Against Rd7} 20. Rxd8+ (20. c4 {with more complications.} f6 21. Rxd8+ Rxd8 22. cxb5 axb5 23. Rc1) 20... Rxd8 21. Kxg2 $11 {[%emt 0:00:00][%mdl 4096] Endgame. KRB-KRB} Kf8 22. Kg3 a5 23. Kf3 a4 24. Ke4 g6 25. b3 f5+ 26. exf6 Bxf6 27. bxa4 bxa4 28. Rb1 Bxc3 29. Rb7 Re8+ 30. Kd5 Ba5 31. Ra7 {[%emt 0:00:53] The position is equal.} Bb6 32. Bh6+ Ke7 33. Rxa4 Kd7 34. Rf4 Re2 35. Rf7+ Kc8 36. a4 Rxf2 37. Rxf2 Bxf2 38. Kc6 {[%emt 0:00:02] An interesting draw.   Weighted Error Value: White=0.09 (flawless) /Black=0.09 (flawless) .  Inaccurate:     	White=3     	Black=2      OK:         	White=12    	Black=8      Best:        	White=2     	---} 1/2-1/2

[Event "CCT Chesscom Classic-D2 2024"]
[Site "Online"]
[Date "2024.05.11"]
[Round "2"]
[White "Esipenko, Andrey"]
[Black "Oparin, Grigoriy"]
[Result "1/2-1/2"]
[ECO "B58"]
[WhiteElo "2704"]
[BlackElo "2676"]
[Annotator "TA"]
[PlyCount "199"]
[EventDate "2024.05.08"]
[EventType "k.o."]
[EventCountry "NET"]
[SourceTitle "playchess.com"]
[Source "ChessBase"]
[SourceQuality "1"]
[TimeControl "600+2"]

1. e4 c5 2. Nf3 d6 3. d4 cxd4 4. Nxd4 Nf6 5. Nc3 Nc6 6. Be2 e5 7. Nf3 h6 8. O-O Be7 9. Re1 O-O 10. h3 Be6 11. Bf1 Qa5 12. Bd2 Qd8 13. Bc1 Qa5 14. a3 Rfc8 15. Be3 d5 16. b4 Qd8 17. exd5 {[%emt 0:00:06] White has an edge.} Nxd5 18. Nxd5 Qxd5 19. Nd2 Nd4 20. c4 Qd7 21. Bxd4 Qxd4 22. Nf3 Qf4 23. Nxe5 a5 24. g3 ({Better is} 24. Ng6 $1 $16 Qg5 25. Nxe7+ Qxe7 26. c5) 24... Qf5 $11 25. Qb1 axb4 26. Qxf5 Bxf5 {[%emt 0:00:01] A strong pair of Bishops.} 27. axb4 Bxb4 28. Rxa8 Rxa8 29. Rd1 Bc5 30. Nd3 Bxd3 31. Rxd3 {[%emt 0:00:02][%mdl 4096] Endgame. KRB-KRB} Ra2 32. Rf3 Rd2 33. h4 g6 34. Bh3 Rd8 35. Bf1 Rd2 36. Bh3 h5 37. Bc8 b6 38. Bb7 Kg7 39. Bd5 f5 {[%emt 0:00:01][%cal Ob6b5] Black wants to play ...b5!} 40. Kf1 (40. Bc6 $11 {keeps the balance.}) 40... Kf6 (40... b5 $1 $17 {aiming for ...b4.} 41. Rb3 (41. Ke1 Rd4 $17) 41... b4 (41... Rxf2+ 42. Ke1 $17)) 41. Bc6 Rb2 42. Bd5 Rc2 43. Kg2 Rd2 44. Bc6 Rd6 45. Bb5 Ke5 46. Kf1 Rd8 47. Kg2 Ra8 48. Kf1 Bd4 49. Kg2 Bc5 50. Kf1 Ke6 51. Kg2 Ke7 52. Kf1 Ra2 53. Kg2 Ra1 54. Rd3 Ra2 55. Rf3 Rd2 56. Kf1 Kf6 57. Kg2 Bd6 58. Bc6 g5 {[%emt 0:00:15] [#] And now ...g4 would win.} 59. hxg5+ Kxg5 60. Bd7 f4 61. gxf4+ Bxf4 62. Bc6 Rd4 63. Bb5 h4 64. Ba6 Kf6 65. Bb5 Ke5 66. Ba6 Kf6 67. Bb5 Kf5 68. Ba6 Kg5 69. Bb5 Be5 70. Ba6 Rg4+ 71. Kh1 Re4 72. Kg2 Rd4 73. Bb5 Rd2 74. Ba6 Bd4 75. Bb5 Bc5 76. Bc6 (76. Ba6 $11) 76... Rd4 (76... Kg4 $1 $15) 77. Bb5 {[%emt 0:00:03] The position is equal.} Rg4+ 78. Kh1 Re4 79. Kg2 Re7 80. Kh3 Re2 81. Kg2 $1 Rd2 82. Ba6 Ra2 83. Bb5 Rc2 84. Ba6 Rd2 85. Rf7 Kg6 86. Rf3 Kh5 87. Rf5+ Kg4 {[%emt 0:00:04] [#] ( -> ...h3+)} 88. Bc8 h3+ 89. Kf1 $1 Kh4 {[%emt 0:00:05] ...Rd1+ would now be deadly.} 90. Rf7 h2 91. Rh7+ Kg5 92. Rxh2 {[%emt 0:00:00][%cal Of2f4] Black must now prevent f4+!} Kf4 93. Ba6 Kf3 94. Bb7+ Kf4 95. Bc6 Rc2 96. Bb5 Rd2 97. Ke1 Rc2 98. Kf1 Rd2 99. Ke1 Rc2 100. Kf1 {[%emt 0:00:01] Weighted Error Value: White=0.09 (flawless) /Black=0.12 (very precise) .  Mistake:       	White=3     	Black=2      Inaccurate:     	---       	Black=4      OK:         	White=30    	Black=16     Best:        	White=5     	Black=2      Strong:       	White=2     	---} 1/2-1/2

[Event "CCT Chesscom Classic-D2 2024"]
[Site "Online"]
[Date "2024.05.11"]
[Round "2"]
[White "Oparin, Grigoriy"]
[Black "Esipenko, Andrey"]
[Result "1-0"]
[ECO "C55"]
[WhiteElo "2676"]
[BlackElo "2704"]
[Annotator "TA"]
[PlyCount "161"]
[EventDate "2024.05.08"]
[EventType "k.o."]
[EventCountry "NET"]
[SourceTitle "playchess.com"]
[Source "ChessBase"]
[SourceQuality "1"]
[TimeControl "600+2"]

1. e4 e5 2. Nf3 Nc6 3. Bc4 Nf6 4. d3 Be7 5. O-O O-O 6. Re1 d6 7. a4 Be6 8. Nc3 Bxc4 9. dxc4 a5 10. Nd5 {[%emt 0:00:05] The position is equal.} b6 11. Ra3 Nb8 12. h3 Nbd7 13. Rae3 h6 14. b3 Nxd5 15. Qxd5 Nc5 16. R3e2 Ne6 17. g3 Qc8 18. h4 Rd8 19. Rd1 Bf6 20. Kg2 c6 21. Qd3 Nc5 22. Qe3 Qb7 23. Ba3 Be7 24. Red2 Qc7 25. Nh2 Rd7 26. Qf3 Rad8 27. Ng4 h5 28. Nh2 {[%emt 0:00:23][%cal Oa3c5] Hoping for Bxc5!} g6 29. Qe3 Ne6 30. Nf3 Bf6 31. Bb2 Qb7 32. Qe2 Qc7 33. Qe1 Qb7 34. Qe3 Qc7 35. Ba3 Qb8 36. Rd3 Qc7 37. Qe2 {[%emt 0:00:09] White is more active.} Bg7 38. Ng5 (38. Qd2 $14 c5 39. Ng5) 38... Nc5 (38... Nd4 $15 39. Qd2 d5) 39. Bxc5 dxc5 40. Nf3 Bf6 41. Nh2 Kg7 42. Nf1 Rd6 43. Qf3 R8d7 44. Qe3 Qd8 45. Qe2 Rxd3 46. cxd3 Rd6 47. Qe3 Qd7 48. Nh2 Be7 49. Qf3 Bf6 50. Rd2 Be7 51. Nf1 Qe6 52. Qe2 Bf6 53. Ne3 Be7 54. Rd1 Bf6 55. Kf1 Qh3+ 56. Ke1 Qe6 57. Kd2 Qd7 58. Kc2 Kf8 (58... Qh3 $11) 59. Qf3 Ke8 60. Qe2 Kd8 61. Rh1 Kc7 62. Nd1 Kb7 63. Qe3 Bg7 64. Re1 f5 65. f3 (65. Qf3 $11) 65... Qf7 (65... f4 $1 $17 66. gxf4 Bh6) 66. Rf1 {[%emt 0:00:22] [#]} (66. exf5 $11 {remains equal.} gxf5 67. f4) 66... f4 $1 $17 67. Qg1 fxg3 68. Qxg3 Bf6 69. Nf2 Qd7 (69... Rd8 $15) 70. Qxg6 $11 Bxh4 (70... Qd8 {with more complications.} 71. Qf7+ Rd7 72. Qxh5 Bxh4 73. Qxe5 Bxf2 74. Rxf2 Rxd3 75. f4 Rd1) 71. Qxh5 Bg3 {[%emt 0:00:18] [#]} (71... Bxf2 $11 72. Rxf2 Rxd3 73. Qxe5 Rd1) 72. Qg4 $1 $16 Bf4 73. Qxd7+ Rxd7 {[%emt 0:00:02][%mdl 4096] Endgame. KRB-KRN} 74. Rh1 Be3 75. Ng4 Bd4 76. Kd2 Rf7 77. Ke2 b5 78. Rh5 (78. axb5 cxb5 79. cxb5 Kb6 $14) 78... Re7 (78... Rg7 $142 79. cxb5 (79. axb5 cxb5 80. cxb5 Kb6 $11) 79... cxb5) 79. cxb5 {[%emt 0:00:11] White is clearly better.} ({Don't do} 79. axb5 cxb5 80. cxb5 Kb6 $14) 79... cxb5 80. Nf6 ({Don't take} 80. axb5 $6 Kb6 $14) 80... bxa4 81. bxa4 {[%emt 0:00:04] Weighted Error Value: White=0.16 (very precise) /Black=0.15 (very precise) .  Mistake:       	White=3     	Black=6      Inaccurate:     	White=12    	Black=12     OK:         	White=18    	Black=20     Best:        	White=1     	Black=1      Strong:       	White=1     	Black=1} 1-0

[Event "CCT Chesscom Classic-D2 2024"]
[Site "Online"]
[Date "2024.05.11"]
[Round "2"]
[White "Kollars, Dmitrij"]
[Black "LevonAronian"]
[Result "0-1"]
[ECO "D32"]
[WhiteElo "2648"]
[BlackElo "2746"]
[Annotator "TA"]
[PlyCount "78"]
[EventDate "2024.05.08"]
[EventType "k.o."]
[EventCountry "NET"]
[SourceTitle "playchess.com"]
[Source "ChessBase"]
[SourceQuality "1"]
[TimeControl "600+2"]

1. e3 Nf6 2. Nf3 d5 3. c4 e6 4. Nc3 Bd6 5. b3 O-O 6. Bb2 c5 7. cxd5 exd5 8. d4 cxd4 9. Nxd4 Nc6 10. Be2 Re8 11. O-O Nxd4 12. Qxd4 Be5 13. Qd3 Ne4 14. Rac1 (14. Nxe4 $11 Bxb2 15. Rad1 (15. Rab1 dxe4 16. Qxd8 Rxd8 $11)) 14... Bf5 $15 {[%emt 0:00:11] Black is slightly better.} 15. Qd1 Re6 16. f4 Bf6 {[%emt 0:00:09] next ...Nxc3 is good for Black.} 17. Bf3 $1 h6 18. Na4 Bxb2 19. Nxb2 Nf6 20. Qd4 Qe7 21. Rfe1 Re8 22. Qxa7 Ra6 23. Qd4 Rxa2 24. Na4 Be4 25. Nc3 Ra3 26. Bxe4 dxe4 27. Qc4 Ra6 28. Red1 Rc6 29. Nd5 $1 Qa3 30. Nxf6+ gxf6 31. Qb5 {[%emt 0:00:12][%mdl 8192] White does not recover from this.} (31. Qf1 $11 {and White is okay.}) 31... Rxc1 $19 ({And not} 31... Qxc1 32. Rxc1 Rxc1+ 33. Kf2 $11) 32. Qxe8+ {[%emt 0:00:02][%mdl 4096] Endgame. KQR-KQR} Kg7 33. Qd7 {[%emt 0:00:01] [#]} (33. Rf1 Rxf1+ 34. Kxf1 Qc1+ (34... Qxb3 $2 35. Qxe4 b5 36. g4 $17) 35. Ke2 Qc2+ 36. Kf1 Qd3+ (36... Qxb3 $2 37. Qxe4 b5 38. g4 $19) 37. Kf2 Qd2+ (37... Qxb3 38. Qxe4 b5 39. Qf5 $17) 38. Kf1 Qxe3 39. Qd7 Qxf4+ (39... Qxb3 $2 40. Qg4+ Kf8 41. Qc8+ Ke7 42. Qc5+ Ke6 43. Qc8+ Kd5 44. Qd7+ Kc5 45. Qe7+ Kd4 46. h3 $19) 40. Ke2) 33... Qxb3 $1 {[%emt 0:00:16] Black is clearly winning.} 34. Qg4+ (34. Rxc1 Qxe3+) 34... Kf8 35. Rxc1 Qxe3+ 36. Kf1 Qxc1+ 37. Kf2 Qc5+ (37... e3+ $142 38. Kg3 Qe1+ 39. Kh3 Qc3) 38. Kg3 f5 39. Qh5 Qe3+ {[%emt 0:00:03] Weighted Error Value: White=1.00/Black=0.19 (very precise) .  Loses game:     	White=1     	---        Mistake:       	White=2     	---        Inaccurate:     	White=1     	---        OK:         	White=7     	Black=9      Best:        	White=1     	Black=3      Strong:       	White=2     	Black=1} 0-1

[Event "CCT Chesscom Classic-D2 2024"]
[Site "Online"]
[Date "2024.05.11"]
[Round "2"]
[White "Hakobyan, Aram"]
[Black "Dubov, Daniil"]
[Result "0-1"]
[ECO "C84"]
[WhiteElo "2617"]
[BlackElo "2707"]
[Annotator "TA"]
[PlyCount "96"]
[EventDate "2024.05.08"]
[EventType "k.o."]
[EventCountry "NET"]
[SourceTitle "playchess.com"]
[Source "ChessBase"]
[SourceQuality "1"]
[TimeControl "600+2"]

1. e4 e5 2. Nf3 Nc6 3. Bb5 a6 4. Ba4 Nf6 5. O-O Be7 6. d3 b5 7. Bb3 O-O 8. a4 Rb8 9. axb5 axb5 10. Nc3 d6 11. h3 h6 12. Bd2 Re8 13. Nd5 Bf8 {[%emt 0:00:08] White has an edge.} 14. Ne3 Be6 15. Bxe6 Rxe6 16. Ra6 ({Better is} 16. Nd5 $11) 16... d5 $15 17. exd5 Nxd5 18. Re1 Nxe3 19. Bxe3 Qc8 20. Ra1 Qd7 21. Nd2 Nb4 22. Rc1 Ra8 23. Nb3 {[%emt 0:00:13] [#]} (23. Ne4 $11) 23... Qc6 ({Black should play} 23... Ra2 $1 $17 24. Bc5 Rg6 (24... Rxb2 $2 {perishes.} 25. Bxf8 Rxb3 26. Bxg7 $18)) 24. d4 (24. c3 $11 Rg6 25. g3) 24... Rd8 {[%emt 0:00:44] Black has more active pieces.} (24... Rg6 $17 25. g3 e4) 25. c3 Nd5 26. Bd2 e4 27. Na5 Qd7 28. Qg4 Nf6 29. Qe2 Rde8 30. b3 ({White should try} 30. Nb3) 30... c6 $17 31. Be3 {[%emt 0:00:08] White does not recover from this.} (31. b4 $17 {keeps fighting.}) 31... Nd5 $19 32. c4 Nxe3 33. Qxe3 {[%emt 0:00:02] [#]} (33. fxe3 {only move.} Bb4 34. Ra1) 33... Bb4 34. d5 cxd5 {[%emt 0:00:04] Black is clearly winning.} 35. cxd5 Rd6 36. Nc6 Bxe1 37. Rxe1 Rxd5 38. Nb4 Rd2 39. Na6 Qd4 40. Qxd4 Rxd4 {[%emt 0:00:01][%mdl 4096] Endgame. KRR-KRN} 41. Nc7 Re5 42. Rc1 b4 43. Na6 e3 44. fxe3 Rxe3 45. Rc8+ Kh7 46. Rb8 Rxb3 47. Nc5 Rc3 48. Na4 Rc2 {[%emt 0:00:01] Weighted Error Value: White=0.43/Black=0.15 (very precise) .  Mistake:       	White=6     	Black=2      Inaccurate:     	White=2     	---        OK:         	White=8     	Black=13     Best:        	---       	Black=5} 0-1

[Event "CCT Chesscom Classic-D2 2024"]
[Site "Online"]
[Date "2024.05.11"]
[Round "2"]
[White "Martinez Alcantara, Jose Eduardo"]
[Black "Vachier-Lagrave, Maxime"]
[Result "1/2-1/2"]
[ECO "B52"]
[WhiteElo "2612"]
[BlackElo "2732"]
[Annotator "RC"]
[PlyCount "215"]
[EventDate "2024.05.08"]
[EventType "k.o."]
[EventCountry "NET"]
[SourceTitle "playchess.com"]
[Source "ChessBase"]
[SourceQuality "1"]
[TimeControl "600+2"]

1. e4 c5 2. Nf3 d6 3. Bb5+ Bd7 4. c4 Nc6 5. Nc3 e5 6. d3 Nge7 7. h4 h5 8. Bg5 f6 9. Be3 g6 10. a3 Bg7 11. Rb1 O-O 12. b4 b6 13. Nd5 Bg4 14. Qa4 Nd4 15. Nxd4 cxd4 16. Bd2 Nxd5 17. cxd5 f5 18. f3 fxe4 19. dxe4 Rxf3 20. gxf3 Bxf3 21. O-O Qxh4 22. Rxf3 Qg4+ 23. Kf2 Qh4+ 24. Kg2 Qg4+ 25. Rg3 Qxe4+ 26. Kh2 Qxb1 27. Bd3 Qa2 28. Rg2 Qxd5 29. Qc2 Qb7 30. Rxg6 Rf8 31. Bh6 Rf7 32. Bxg7 Rxg7 33. Be4 d5 34. Qb3 Qd7 35. Qxd5+ Qxd5 36. Bxd5+ Kf8 37. Re6 Rg5 38. Bc4 h4 39. a4 d3 40. Bxd3 Rg4 41. Bb5 Rxb4 42. Rxe5 a6 43. Bc6 b5 44. axb5 axb5 45. Bxb5 Kf7 46. Bd3 Kf6 47. Rf5+ Ke6 48. Rf3 Ke5 49. Bg6 Rf4 50. Ra3 Kf6 51. Bh5 Kg5 52. Be8 Rf8 53. Bd7 Rf7 54. Ra5+ Kf4 55. Be6 Rf6 56. Bh3 Rf8 57. Rh5 Ke3 58. Rxh4 Rf4 59. Rh8 Re4 60. Kg3 Re5 61. Bg4 Re4 62. Rh1 Re5 63. Ra1 Re4 64. Bf5 Re5 65. Ra3+ Kd4 66. Kf4 Re7 67. Ra1 Kd5 68. Rd1+ Kc5 69. Be4 Re8 70. Rc1+ Kd4 71. Rd1+ Kc5 72. Ke3 Re5 73. Rc1+ Kd6 74. Kd4 Ra5 75. Rc6+ Kd7 76. Rh6 Ra1 77. Ke5 Re1 78. Rh7+ Ke8 79. Ra7 Re2 80. Ra1 Ke7 81. Rh1 Ke8 82. Kd5 Ke7 83. Rh6 Re1 84. Re6+ Kf8 85. Ke5 Kf7 86. Kd6 Rg1 87. Bc2 Rg3 88. Re2 Kf6 89. Rf2+ Kg5 90. Ke5 Rg4 91. Bf5 Rg3 92. Rf1 Re3+ 93. Be4 Rg3 94. Rf8 Rg4 95. Bf3 Rg3 96. Rf7 Kg6 97. Rf4 Kg5 98. Rf8 Kh4 99. Kf4 Rg4+ 100. Ke3 Rg7 101. Rf5 Kg3 102. Be4 Rg4 103. Rf1 Kh4 104. Rf8 Kg3 105. Rh8 Rg5 106. Rh1 Rg4 107. Bf3 Rg5 108. Rg1+ 1/2-1/2